 Dungeon Crawl Stone Soup version 0.26.1-11-gd32895ea62 (webtiles) character file.

Game seed: 5288077199041486837

57 Ekaitz the Vexing (level 3, -2/26 HPs)
             Began as a Vampire Enchanter on June 22, 2021.
             Slain by a worm (10 damage)
             ... on level 2 of the Dungeon.
             The game lasted 00:07:32 (1346 turns).

Ekaitz the Vexing (Vampire Enchanter)               Turns: 1346, Time: 00:07:32

Health: -2/26      AC:  2    Str:  7    XL:     3   Next: 73%
Magic:  1/6        EV: 13    Int: 17    God:
Gold:   69         SH:  5    Dex: 15    Spells: 0/6 levels left

rFire    . . .     SeeInvis +   a - +1 dagger
rCold    + . .     Faith    .   (no shield)
rNeg     . . .     Spirit   .   b - +0 robe
rPois    .         Reflect  +   (no helmet)
rElec    .         Harm     .   (no cloak)
rCorr    .         Rampage  .   (no gloves)
Will     .....     Rnd*Tele +   (no boots)
Stlth    +++.......             i - amulet of reflection
HPRegen  0.28/turn              d - ring of teleportation (curse)
MPRegen  0.10/turn              g - ring of protection from cold

@: regenerating quickly
A: fangs 3, see invisible, unbreathing
a: Exsanguinate


You were on level 2 of the Dungeon.
You visited 1 branch of the dungeon, and saw 2 of its levels.

You collected 69 gold pieces.

Inventory:

Hand Weapons
 a - a +1 dagger (weapon)
Missiles
 c - 31 bolts
 e - 6 javelins
 f - 25 stones
 n - 17 sling bullets
Armour
 b - a +0 robe (worn)
Jewellery
 d - a cursed ring of teleportation (left hand)
 g - a ring of protection from cold (right hand)
 i - an amulet of reflection (around neck)
Scrolls
 h - 4 scrolls of teleportation {unknown}
 j - 3 scrolls of identify {unknown}
Potions
 k - a potion of curing {unknown}
 l - a potion of attraction {unknown}
 m - a potion of degeneration {unknown}


   Skills:
 * Level 1.1 Fighting
 + Level 1.8 Short Blades
 + Level 2.2 Dodging
 + Level 4.9 Stealth
 + Level 0.1 Shields
 + Level 2.1 Spellcasting
 * Level 5.3 Hexes
 * Level 0.6 Ice Magic


You couldn't memorise any spells.
You knew the following spells:

 Your Spells              Type           Power        Failure   Level
a - Corona                Hex            22%          2%          1
b - Ensorcelled Hibernat  Hex/Ice        22%          9%          2
c - Dazzling Flash        Conj/Hex       20%          19%         3

Your spell library contained the following spells:

 Spells                   Type           Power        Failure   Level
 Confusing Touch          Hex            20%          6%          3
 Tukima's Dance           Hex            20%          6%          3


Dungeon Overview and Level Annotations

Branches:
Dungeon (2/15)

Altars:

Annotations:
D:2 Terence


Innate Abilities, Weirdness & Mutations

Your natural rate of healing is unusually fast.
You have razor-sharp teeth.
You have supernaturally acute eyesight. (SInv)
You can survive without breathing.


Message History

Aim: a worm (moderately wounded, chance to affect: 50%)
The worm resists with some effort.
The worm misses you.
You barely miss the worm. Your bite misses the worm.
The worm is lightly wounded.
You hit the worm.
The worm is moderately wounded.
The worm bites you.
You barely miss the worm.
The worm is moderately wounded.
You completely miss the worm.
The worm is moderately wounded.
The worm bites you!
You hit the worm.
The worm is moderately wounded.
You block Terence's attack.
You closely miss Terence. You bite Terence, but do no damage.
Unknown command.
Terence bares his teeth.
Terence hits you with a +0 falchion! The worm bites you!
You die...

.......#.#
######...#############
##w.##..........#
#..##..........#
#..............# ###
#.....?........###.#
#w....h#.......#<).#
#w.....#.#####.###.#
#......#.#@w....†..#
######......#.@.#...#####
#.(w.w......#####.###
#...........# ...#
#..................
#.w................
.....................
...........#.(......?
.....@.....#.>.


You could see Terence and a worm.

Vanquished Creatures
  2 oozes (D:2)
  2 worms (D:2)
  3 dart slugs (D:1)
  A leopard gecko (D:2)
  A giant cockroach (D:2)
  4 goblins (D:1)
  A hobgoblin (D:1)
  4 jackals
  2 ball pythons (D:1)
  5 bats
  4 frilled lizards
  3 kobolds
  6 rats
38 creatures vanquished.

Notes
Turn   | Place    | Note
-------+----------+-------------------------------------------
     0 | D:1      | Ekaitz the Vampire Enchanter began the quest for the Orb.
     0 | D:1      | Reached XP level 1. HP: 13/13 MP: 3/3
   134 | D:1      | Reached XP level 2. HP: 20/20 MP: 5/5
   139 | D:1      | Learned a level 2 spell: Ensorcelled Hibernation
   826 | D:2      | Reached skill level 5 in Hexes
   826 | D:2      | Reached XP level 3. HP: 25/25 MP: 3/6
   836 | D:2      | Learned a level 3 spell: Dazzling Flash
   968 | D:2      | Reached skill level 1 in Fighting
  1148 | D:2      | Noticed Terence
  1346 | D:2      | Slain by a worm

Illustrated notes

Levels and vault maps discovered:
D:1:      kennysheep_arrival_forest, layout_rooms, corner_web_ring,
          chequers_arboretum
D:2:      layout_basic, uniq_sigmund, uniq_terence

Skill      XL: |  1  2  3 |
---------------+----------+-----
Hexes          | 5 |  5.3
Fighting       | 1 |  1.1
Short Blades   | |  1.8
Dodging        | |  2.2
Stealth        | |  4.9
Shields        | |  0.1
Spellcasting   | |  2.1
Ice Magic      | |  0.6

Action                   || total
-------------------------++-------
Melee: Dagger            ||   101
       Bite              ||     4
 Cast: Corona            ||     4
       Ensorcelled Hiber ||    25
       Dazzling Flash    ||     1
 Stab: Sleeping          ||    23
Armor: Robe              ||    19
Dodge: Dodged            ||    68
Block: Other             ||    16
       Reflection        ||     1
